 Dungeon Crawl Stone Soup version 0.32-a0-128-g77eb882913 (webtiles) character file.

Game seed: 6366565513648567020

250 zeratav the Trooper (level 6, -1/45 HPs)
             Began as an Octopode Shapeshifter on Feb 8, 2024.
             Slain by a gnoll
             ... wielding a +0 club
             ... led by a gnoll sergeant
              (5 damage)
             ... on level 3 of the Dungeon.
             The game lasted 00:05:39 (2974 turns).

zeratav the Trooper (Octopode Shapeshifter)         Turns: 2974, Time: 00:05:39

Health: -1/45      AC:  1    Str: 16    XL:     6   Next: 13%
Magic:  15/15      EV: 13    Int: 12    God:
Gold:   130        SH:  0    Dex: 11    Spells: 5/5 levels left

rFire   . .          .
                       - Unarmed
rCold   . . .        (no shield)
rNeg    . . .        (helmet currently unavailable)
rPois   +            (no amulet)
rElec   .            f - ring of magical power
rCorr   .            m - ring of poison resistance
SInv    .            (no ring)
Will    .....        (no ring)
Stlth   ++           (no ring)
HPRegen 0.27/turn    (no ring)
MPRegen 0.14/turn    (no ring)
                     (no ring)

%: no passive effects
@: beast-form
A: beast (slay +2), almost no armour, amphibious, 8 rings, camouflage 1,
gelatinous body 1, (nimble swimmer 1), tentacles
a: Begin Untransformation


You were on level 3 of the Dungeon.
You were a hulking beast.
You visited 1 branch of the dungeon, and saw 4 of its levels.

You collected 130 gold pieces.


Innate Abilities, Weirdness & Mutations

You are a hulking beast.
Your limbs bulge with bestial killing power. (Slay +2)
You cannot wear most types of armour.
You are amphibious.
You can wear up to eight rings at the same time.
Your skin changes colour to match your surroundings (Stealth+).
Your rubbery body absorbs attacks. (AC +1, EV +1)
((You are camouflaged when in or above water. (Stealth+)))
You have tentacles for arms and can constrict up to eight enemies at once.


   Skills:
 - Level 5.0 Fighting
 - Level 2.0 Dodging
 - Level 3.0 Unarmed Combat
 + Level 4.2 Shapeshifting


You had 5 spell levels left.
You didn't know any spells.
Your spell library was empty.

Inventory:

Jewellery
 f - a ring of magical power (left tentacle)
   (You found it on level 1 of the Dungeon)
 m - a ring of poison resistance (right tentacle)
   (You found it on level 3 of the Dungeon)
Talismans
 b - a beast talisman (active)
 c - a flux talisman
Scrolls
 d - 2 scrolls of identify {unknown}
 i - 2 scrolls of teleportation {unknown}
 k - 2 scrolls of torment {unknown}
 l - a scroll of amnesia {unknown}
 n - a scroll of poison {unknown}
 o - a scroll of noise {unknown}
Potions
 a - 2 potions of lignification {!q}
 e - a potion of invisibility {unknown}
 g - a potion of curing {unknown}
 h - a potion of brilliance {unknown}
 j - a potion of mutation {unknown}

Dungeon Overview and Level Annotations

Branches:
Dungeon (4/15) Zot: 21033
 Temple: D:4-7

Altars:
Ashenzari
Gozag

Annotations:
D:3 1 runed translucent door, exclusion: downstairs, Rennog's ghost, amateur OpSh
D:4 1 runed translucent door, draino's ghost, amateur FeSh

#.# #.# #.....# #.# #.#
#####.# #.# #.# #.# #.# #.#
#.# ##.# #.# #.# #..# #.# #.#
#.## #.# #.# #.#
#############.########.# #.#
#.......ghg...##.......# #.#
#.##############.####### #.#
#.# ##########..##### #.# #.#
#...............# ###.####.###
#.≈≈≈≈≈.≈≈≈≈§§§§# ...........#
#.≈.....≈....§§§# ....####.#.#
#.≈.§≈≈≈≈.§≈≈§§.#
...#####.#.###.≈.≈...≈.≈§§§≈§#
.....[)........≈.≈.≈.≈.≈§§.≈.#


You could see a gnoll sergeant and a gnoll.


Message History

No target in view!
No target in view!
No target in view!
No target in view!
No target in view!
No target in view!
No target in view!
No target in view!
No target in view!
No target in view!
No target in view!
You now have 130 gold pieces (gained 7).
An adder comes into view.
An adder is nearby!
An adder is nearby!
An adder comes into view.
You barely miss the adder. Your grab misses the adder. The adder misses you.
The adder completely misses you.
You barely miss the adder. Your grab misses the adder.
The adder hisses angrily.
The adder closely misses you.
You barely miss the adder. You grab the adder. You constrict the adder.
The adder bites you.
HP[-2]
You take 2 damage, and now have 43/45 hp.
You tentacle-slap the adder. Your squeeze misses the adder.
You constrict the adder.
You kill the adder!
HP[+1]
The adder misses you.
You see here an adder corpse.
You closely miss the adder. Your grab misses the adder.
You tentacle-slap the adder. You squeeze the adder. The adder bites you.
The adder closely misses you.
HP[-3]
You take 3 damage, and now have 41/45 hp.
You miss the adder. You grab the adder. You squeeze the adder!
You kill the adder!
No target in view!
No target in view!
No target in view!
No target in view!
No target in view!
No target in view!
No target in view!
No target in view!
No target in view!
No target in view!
No target in view!
No target in view!
No target in view!
No target in view!
No target in view!
No target in view!
No target in view!
Unknown command.
Found a stone staircase leading up.
HP[+4]
Your hp is fully restored (45).
Found a stone staircase leading down.
There is a stone staircase leading down here.
A gnoll comes into view. It is wielding a +0 halberd.
Found an escape hatch in the ceiling.
The gnoll moves out of view.
A gnoll comes into view. It is wielding a +0 spear.
The gnoll sergeant shouts!
The gnoll sergeant throws a stone.
The stone barely misses you.
A gnoll comes into view.
It is wielding a +0 club and quivering a throwing net.
There is a stone staircase leading up here.
An adder comes into view.
The gnoll shouts!
You hear a shout!
The gnoll sergeant attacks as it pursues you!
The gnoll sergeant barely misses you.
The adder hisses angrily.
You hear a shout!
The gnoll sergeant hits you with a +0 spear!
There is a stone staircase leading up here.
HP[-13]
You take 13 damage, and now have 32/45 hp.
MASSIVE DAMAGE!! (PAUSE)
The gnoll sergeant hits you with a +0 spear!
The gnoll hits you with a +0 club!
* * * LOW HITPOINT WARNING * * *
You climb upwards.
Level annotation: 1 runed translucent door, exclusion: downstairs, Rennog's ghost, amateur OpSh
There is a stone staircase leading down here.
HP[-17]
You take 17 damage, and now have 15/45 hp.
MASSIVE DAMAGE!! (PAUSE)
You tentacle-slap the gnoll. You grab the gnoll. You constrict the gnoll.
The gnoll sergeant barely misses you. The gnoll misses you.
HP[+1]
You tentacle-slap the gnoll. You squeeze the gnoll. You constrict the gnoll.
The gnoll sergeant hits you with a +0 spear!
* * * LOW HITPOINT WARNING * * *
HP[-12]
You take 12 damage, and now have 4/45 hp.
MASSIVE DAMAGE!! (PAUSE)
You tentacle-slap the gnoll.
You constrict the gnoll, but do no damage.
The gnoll hits you with a +0 club.
You die...

Skill      XL: |  1  2  3  4  5 |
---------------+----------------+-----
Fighting       | 2 3 4 5 |  5.0
Shapeshifting  | 4 |  4.2
Dodging        | |  2.0
Unarmed Combat | |  3.0

Action                     |  1- 3 |  4- 6 || total
---------------------------+-------+-------++-------
  Melee: Unarmed           |    72 |    71 ||   143
         Constrict         |    19 |    19 ||    38
         Tentacles         |    14 |    11 ||    25
         Punch             |     4 |     7 ||    11
   Stab: Sleeping          |     4 |     4 ||     8
 Armour: Skin              |    32 |    35 ||    67
  Dodge: Dodged            |    60 |    36 ||    96
   Form: Beast             |     1 |     1 ||     2
                           |       |     1 ||     1

Levels and vault maps discovered:
D:1:      heliophobic_arrival_battle_scene, layout_loops_ring
D:2:      layout_basic, dreamdust_ecumenical_altar_sealed_demon
D:3:      layout_loops_ring, mainiacjoe_overflow_catwalk_spiral,
          ebering_ghost_reflecting_pool, uniq_jessica
D:4:      layout_loops_cross, ebering_ghost_sewer_d

Notes
Turn   | Place    | Note
-------+----------+-------------------------------------------
     0 | D:1      | zeratav the Octopode Shapeshifter began the quest for the
                  | Orb.
     0 | D:1      | Reached XP level 1. HP: 13/13 MP: 1/1
     0 | D:1      | magus.rc [v1.9.6]
   183 | D:1      | Reached skill level 2 in Fighting
   183 | D:1      | Reached XP level 2. HP: 14/19 MP: 2/2
   677 | D:1      | Reached XP level 3. HP: 24/25 MP: 3/3
   799 | D:1      | Reached skill level 3 in Fighting
  1004 | D:2      | Found a faded altar of an unknown god.
  1004 | D:2      | Noticed a Hell Sentinel
  1208 | D:2      | Reached XP level 4. HP: 24/33 MP: 4/4
  1347 | D:2      | Reached skill level 4 in Fighting
  1672 | D:3      | Noticed Jessica
  1923 | D:3      | Found a broken altar of Ashenzari.
  1931 | D:3      | Found an opulent altar of Gozag.
  2111 | D:3      | Found a runed translucent door.
  2134 | D:3      | Noticed Rennog's ghost (amateur OpSh)
  2338 | D:3      | Reached XP level 5. HP: 38/38 MP: 5/5
  2375 | D:3      | Killed Jessica
  2376 | D:3      | Reached skill level 5 in Fighting
  2479 | D:4      | Found a runed translucent door.
  2499 | D:4      | Noticed draino's ghost (amateur FeSh)
  2509 | D:4      | HP: 9/39 [gnoll sergeant/stone (11)]
  2805 | D:4      | Reached skill level 4 in Shapeshifting
  2805 | D:4      | Reached XP level 6. HP: 43/45 MP: 6/6
  2973 | D:3      | HP: 4/45 [gnoll sergeant/+0 spear (12)]
  2974 | D:3      | Slain by a gnoll

Vanquished Creatures
  A howler monkey (D:4)
  An orc priest (D:3)
  Jessica (D:3)
  2 orc wizards
  5 adders
  2 dart slugs
  2 ribbon worms
  4 orcs
  3 endoplasms
  5 giant cockroaches
  7 goblins
  3 hobgoblins (D:1)
  2 jackals (D:1)
  11 kobolds
  2 quokkas (D:2)
  9 ball pythons
  6 bats
  3 frilled lizards
  2 rats
71 creatures vanquished.

Table legend:
 A = Non-vault XP
 B = Vault XP
 C = Vault XP percentage of total XP
 D = Non-vault monster count
 E = Vault monster count
 F = Vault count percentage of total count
                 A         B        C        D         E       F
            +---------+---------+-------+---------+---------+-------
      Total |     321 |      37 |  10.3 |      70 |       1 |   1.4
            +---------+---------+-------+---------+---------+-------
        D:1 |      39 |       0 |   0.0 |      23 |       0 |   0.0
        D:2 |      67 |       0 |   0.0 |      25 |       0 |   0.0
        D:3 |      68 |      37 |  35.2 |       9 |       1 |  10.0
        D:4 |     147 |       0 |   0.0 |      13 |       0 |   0.0
            +---------+---------+-------+---------+---------+-------

Skill      XL: |  1  2  3  4  5 |
---------------+----------------+-----
Fighting       | 2 3 4 5 |  5.0
Shapeshifting  | 4 |  4.2
Dodging        | |  2.0
Unarmed Combat | |  3.0

Action                     |  1- 3 |  4- 6 || total
---------------------------+-------+-------++-------
  Melee: Unarmed           |    72 |    71 ||   143
         Constrict         |    19 |    19 ||    38
         Tentacles         |    14 |    11 ||    25
         Punch             |     4 |     7 ||    11
   Stab: Sleeping          |     4 |     4 ||     8
 Armour: Skin              |    32 |    35 ||    67
  Dodge: Dodged            |    60 |    36 ||    96
   Form: Beast             |     1 |     1 ||     2
                           |       |     1 ||     1

Illustrated notes

Table legend:
 A = Kills in this place as a percentage of kills in the entire game.
 B = Kills by you in this place as a percentage of kills by you in the entire game.
 C = Kills by friends in this place as a percentage of kills by friends in the entire game.
 D = Other kills in this place as a percentage of other kills in the entire game.
 E = Experience gained in this place as a percentage of experience gained in the entire game.
 F = Experience gained in this place divided by the number of levels of this place that you have seen.
                   A       B       C       D       E      F
               +-------+-------+-------+-------+-------+----------------------
         Total | 100.0 | 100.0 |   N/A |   N/A | 100.0 |  89.5
       Dungeon | 100.0 | 100.0 |   N/A |   N/A | 100.0 |  89.5
               +-------+-------+-------+-------+-------+----------------------

Table legend: (Time is in decaauts)
 A = Elapsed time spent in this place.
 B = Non-inter-level travel time spent in this place.
 C = Inter-level travel time spent in this place.
 D = Time resting spent in this place.
 E = Time spent auto-exploring this place.
 F = Levels seen in this place.
 G = Mean time per level.
                   A        B        C        D        E       F      G
               +--------+--------+--------+--------+--------+-----+--------+
         Total |   2965 |   2787 |    178 |    294 |   2016 |   4 |  741.2 |
       Dungeon |   2965 |   2787 |    178 |    294 |   2016 |   4 |  741.2 |
               +--------+--------+--------+--------+--------+-----+--------+

Top non-repeatable levels by time:
     D:3: 972 daAuts
     D:1: 837 daAuts
     D:2: 814 daAuts
     D:4: 341 daAuts
